 Dungeon Crawl Stone Soup version 0.30-a0-1112-gfb780f5df6 (webtiles) character file.

Game seed: 13641479803130202328

28 lunkers the Slasher (level 3, 0/31 HPs)
             Began as a Meteoran Fighter on Apr 19, 2023.
             Slain by a gnoll
             ... wielding a +0 club
              (4 damage)
             ... on level 2 of the Dungeon.
             The game lasted 00:00:39 (489 turns).

lunkers the Slasher (Meteoran Fighter)               Turns: 489, Time: 00:00:40

Health: 0/31       AC:  6    Str: 17    XL:     3   Next: 50%
Magic:  4/4        EV:  9    Int:  9    God:
Gold:   60         SH:  5    Dex: 16    Spells: 2/2 levels left

rFire   . . .      SeeInvis .    a - +0 long sword
rCold   . . .      Faith    .    c - +0 buckler
rNeg    . . .      Spirit   .    b - +0 scale mail
rPois   .          Reflect  .    (no helmet)
rElec   .          Rampage  .    (no cloak)
rCorr   .                        (no gloves)
Will    .....                    (no boots) Stlth
                                 (no amulet)
HPRegen 0.25/turn                (no ring)
MPRegen 0.09/turn                (no ring)

@: mighty, glowing
A: sense surroundings 1, otherworldly, glowing, explore regen
a: no special abilities


You were on level 2 of the Dungeon.
You visited 1 branch of the dungeon, and saw 2 of its levels.

You collected 60 gold pieces.

Inventory:

Hand Weapons
 a - a +0 long sword (weapon)
Armour
 b - a +0 scale mail (worn)
 c - a +0 buckler (worn)
Scrolls
 e - a scroll of poison {unknown}
 f - a scroll of identify {unknown}
 h - a scroll of acquirement {unknown}
 i - a scroll of enchant armour {unknown}
 j - 2 scrolls of teleportation {unknown}
Potions
 g - a potion of curing {unknown}
 k - a potion of cancellation {unknown}


   Skills:
 - Level 3.2 Fighting
 + Level 4.3 Long Blades
 - Level 3.6 Armour
 - Level 3.6 Shields


You had 2 spell levels left.
You didn't know any spells.
Your spell library contained the following spells:

 Spells                   Type           Power      Damage    Failure   Level
 Apportation              Tloc           0%         N/A       87%         1
 Necrotise                Necr           0%         1d4       87%         1
 Blink                    Tloc           0%         N/A       95%         2
 Ignite Poison            Fire/Tmut/Pois 0%         N/A       99%         3
 Manifold Assault         Tloc           0%         N/A       100%        4
 Petrify                  Tmut/Erth      0%         N/A       100%        4
 Alistair's Intoxication  Tmut/Pois      0%         N/A       100%        5
 Borgnjor's Vile Clutch   Necr/Erth      0%         N/A       100%        5
 Storm Form               Tmut/Air       0%         N/A       100%        7


Dungeon Overview and Level Annotations

Branches:
Dungeon (2/15) Zot: 696

Altars:


Innate Abilities, Weirdness & Mutations

You passively map a small area around you.
You are easily found by Zot.
You glow in the dark.
You regain HP and MP as you explore.


Message History

A ball python is nearby!
You slash the ball python!
You kill the ball python!
You now have 60 gold pieces (gained 10).
A gnoll comes into view. It is wielding a +0 club.
Found a brown potion.
You see here 18 gold pieces.
A gnoll is nearby! 2 gnolls come into view.
The gnoll shouts! x2; You hear a shout!
A gnoll comes into view. It is wielding a +0 spear.
There are monsters nearby!
The gnoll hits you but does no damage.
You hit the gnoll.
The gnoll is lightly wounded.
The gnoll hits you with a +0 club.
There are monsters nearby!
You hit the gnoll but do no damage.
The gnoll is lightly wounded.
The gnoll barely misses you.
You feel very mighty all of a sudden.
The gnoll barely misses you. x2; The gnoll hits you but does no damage.
You hit the gnoll.
The gnoll is heavily wounded.
The gnoll hits you from afar with a +0 halberd.
The gnoll hits you from afar with a +0 spear!
* * * LOW HITPOINT WARNING * * *
The gnoll barely misses you. You block the gnoll's attack.
You completely miss the gnoll.
The gnoll is heavily wounded.
The gnoll hits you from afar with a +0 halberd.
* * * LOW HITPOINT WARNING * * *
You block the gnoll's attack.
The gnoll hits you from afar with a +0 spear.
* * * LOW HITPOINT WARNING * * *
The gnoll closely misses you.
The gnoll hits you from afar with a +0 halberd.
* * * LOW HITPOINT WARNING * * *
The gnoll hits you with a +0 club.
You die...

.........#....#
#####.####)...# ,
...#..####....# , ,
#........#....# *
.........#....# **
.#.##....#....###, *
....+....####.$.# *
.#.##....# #...#+#.#
.#.###.†.####...@...#
* .#.#
##.....+....g..#* *
.#.# #.#..##..ggg..#
,, ...#
#.#..##.......#
#######.#..##.......#
*
........#...#......!#
,
###....##.#.#.......#
, ,
###....##.#.#.......#
, ..#....##.... ,


You could see 4 gnolls.

Vanquished Creatures
  An adder (D:2)
  A worm (D:2)
  A bat (D:2)
  2 endoplasms (D:1)
  A giant cockroach (D:2)
  A hobgoblin (D:2)
  A quokka (D:2)
  3 ball pythons (D:2)
  4 kobolds
  A rat (D:1)
16 creatures vanquished.

Notes
Turn   | Place    | Note
-------+----------+-------------------------------------------
     0 | D:1      | lunkers the Meteoran Fighter began the quest for the Orb.
     0 | D:1      | Reached XP level 1. HP: 19/19 MP: 2/2
   188 | D:1      | Reached skill level 3 in Long Blades
   188 | D:1      | Reached XP level 2. HP: 17/26 MP: 3/3
   337 | D:2      | Reached XP level 3. HP: 31/31 MP: 4/4
   341 | D:2      | Reached skill level 4 in Long Blades
   347 | D:2      | Got the Compendium of Resurrection and Transition
   489 | D:2      | Slain by a gnoll

Illustrated notes

Levels and vault maps discovered:
D:1:      eino_arrival_cavern_e, layout_loops_ring,
          shapermc_ecumenical_altar_mp_highgroup, minmay_misc_feat_more_columns,
          minmay_tromino_v2
D:2:      layout_basic, serial_shops, nicolae_shop_just_a_little_nook

Skill      XL: |  1  2  3 |
---------------+----------+-----
Long Blades    | 3 4 |  4.3
Fighting       | |  3.2
Armour         | |  3.6
Shields        | |  3.6

Action                     || total
---------------------------++-------
  Melee: Long sword        ||    47
    Use: Potion            ||     1
 Armour: Scale mail        ||    18
  Dodge: Dodged            ||    21
  Block: Buckler           ||    12

Table legend: (Time is in decaauts)
 A = Elapsed time spent in this place.
 B = Non-inter-level travel time spent in this place.
 C = Inter-level travel time spent in this place.
 D = Time resting spent in this place.
 E = Time spent auto-exploring this place.
 F = Levels seen in this place.
 G = Mean time per level.
                   A        B        C        D        E       F      G
               +--------+--------+--------+--------+--------+-----+--------+
         Total |    501 |    486 |     15 |      0 |    360 |   2 |  250.5 |
       Dungeon |    501 |    486 |     15 |      0 |    360 |   2 |  250.5 |
               +--------+--------+--------+--------+--------+-----+--------+

Top non-repeatable levels by time:
     D:1: 266 daAuts
     D:2: 235 daAuts
